 Dungeon Crawl Stone Soup version 0.28-b1-25-g9875b3fc8c (webtiles) character file.

Game seed: 17193076100884855594

73 dorian the Chopper (level 4, -2/28 HPs)
             Began as a Gargoyle Fighter on Feb 7, 2022.
             Slain by an ogre (14 damage)
             ... on level 2 of the Dungeon.
             The game lasted 00:02:07 (1492 turns).

dorian the Chopper (Gargoyle Fighter)               Turns: 1492, Time: 00:02:07

Health: -2/28      AC: 10    Str: 22    XL:     4   Next: 27%
Magic:  4/4        EV:  9    Int:  8    God:
Gold:   65         SH:  4    Dex:  9    Spells: 3/3 levels left

rFire   . . .      SeeInvis .   a - +0 war axe
rCold   . . .      Faith    .   c - +0 buckler
rNeg    + . .      Spirit   .   b - +0 scale mail
rPois   ∞          Reflect  .   (no helmet)
rElec   +          Harm     .   (no cloak)
rCorr   .          Rampage  .   (no gloves)
Will    .....                   (no boots)
Stlth   ..........              (no amulet)
HPRegen 0.09/turn               (no ring)
MPRegen 0.09/turn               (no ring)

@: no status effects
A: sickness immunity, AC +3, negative energy resistance 1, electricity
resistance, torment resistance 1, petrification resistance
a: no special abilities


You were on level 2 of the Dungeon.
You visited 1 branch of the dungeon, and saw 3 of its levels.

You collected 65 gold pieces.

Inventory:

Hand Weapons
 a - a +0 war axe (weapon)
Armour
 b - a +0 scale mail (worn)
 c - a +0 buckler (worn)
Scrolls
 e - a scroll of teleportation {unknown}
 f - a scroll of immolation {unknown}
 g - a scroll of amnesia {unknown}
 i - a scroll of identify {unknown}
Potions
 d - a potion of might
 h - a potion of brilliance {unknown}


   Skills:
 - Level 3.2 Fighting
 + Level 4.0 Axes
 - Level 3.2 Armour
 - Level 3.2 Shields


You had 3 spell levels left.
You didn't know any spells.
Your spell library contained the following spells:

 Spells                   Type           Power      Damage    Failure   Level
 Sandblast                Erth           0%         2d4       83%         1
 Passwall                 Tmut/Erth      0%         N/A       92%         2
 Stone Arrow              Conj/Erth      0%         3d7       99%         3


Dungeon Overview and Level Annotations

Branches:
Dungeon (3/15)

Altars:

Shops:
D:1 [


Innate Abilities, Weirdness & Mutations

You are immune to sickness and miasma.
Your stone body is resilient. (AC +3)
You are immune to poison.
You resist negative energy. (rN+)
You are resistant to electric shocks. (rElec)
You are resistant to unholy torment.
You are immune to petrification.


Message History

Done exploring.
Done exploring.
Done exploring.
No target in view!
No target in view!
No target in view!
(D) Dungeon
Where to? (? - help)
What level of the Dungeon? (default 1, ? - help)
There is a stone staircase leading down here.
You climb downwards.
The ogre shouts!
Found 15 gold pieces and a war axe.
There is a stone staircase leading up here.
There are monsters nearby!
You completely miss the ogre.
A gnoll comes into view. It is wielding a +0 spear.
The ogre barely misses you.
The gnoll shouts!
You slash the ogre!
The ogre is heavily wounded.
You hear a shout!
A gnoll comes into view. It is wielding a +0 spear.
The ogre hits you with a +0 giant club!
Ouch! That really hurt!
You hear a shout!
The ogre hits you but does no damage.
You climb upwards.
There is a stone staircase leading down here.
You hit the ogre.
The ogre is severely wounded.
The ogre closely misses you.
You hit the ogre.
The ogre is severely wounded.
The ogre closely misses you.
You barely miss the ogre.
The ogre is severely wounded.
The ogre hits you with a +0 giant club!
Ouch! That really hurt!
You die...

#####..##.##.#
#####.##.##.#
#.........#.######
#......#.........#
#................#
#................#
#................#
#....##O.........#
###.....@#########
########


You could see an ogre.

Vanquished Creatures
  An adder (D:2)
  3 worms (D:2)
  7 ball pythons
  4 bats
  6 endoplasms
  3 giant cockroaches (D:1)
  4 goblins
  4 hobgoblins
  3 jackals (D:1)
  6 kobolds
  A quokka (D:1)
  3 frilled lizards
  7 rats
52 creatures vanquished.

Notes
Turn   | Place    | Note
-------+----------+-------------------------------------------
     0 | D:1      | dorian the Gargoyle Fighter began the quest for the Orb.
     0 | D:1      | Reached XP level 1. HP: 14/14 MP: 1/1
    16 | D:1      | Reached skill level 2 in Axes
    54 | D:1      | Reached XP level 2. HP: 19/19 MP: 2/2
    85 | D:1      | Reached skill level 3 in Axes
   191 | D:1      | Reached XP level 3. HP: 22/23 MP: 3/3
   681 | D:1      | Found Zaumeg's Armour Boutique.
   956 | D:2      | Reached XP level 4. HP: 28/28 MP: 4/4
  1001 | D:2      | Found a faded altar of an unknown god.
  1202 | D:2      | Reached skill level 4 in Axes
  1485 | D:3      | Noticed an ogre
  1492 | D:2      | Slain by an ogre

Illustrated notes

Levels and vault maps discovered:
D:1:      dpeg_arrival_arbitrary_c, layout_basic, serial_shops, shop_statue,
          minmay_vboxes
D:2:      layout_basic, ebering_ecumenical_altar_box, serial_bayou_crossing
D:3:      layout_basic, chequers_serial_rivers_micro_d, uniq_crazy_yiuf_cottage,
          uniq_ijyb, uniq_natasha

Skill      XL: |  1  2  3  4 |
---------------+-------------+-----
Axes           | 2 3 4 |  4.0
Fighting       | |  3.2
Armour         | |  3.2
Shields        | |  3.2

Action                   |  1- 3 |  4- 6 || total
-------------------------+-------+-------++-------
Melee: War axe           |   126 |    35 ||   161
Armor: Scale mail        |    71 |    10 ||    81
Dodge: Dodged            |    63 |    17 ||    80
Block: Buckler           |    20 |     2 ||    22
